AoeStats
← xDou

Four Lakes

509254487Analyzed
1v1 RM · 8d ago on Sep 26, 2026· 55m 49s· 2 players
Game mode
Random Map
Map size
Tiny (2 player)
Population
200
Speed
Normal
Resources
Standard
Victory
Conquest
Starting age
Dark Age
Ending age
Imperial Age
RankedLock teamsTeams togetherTeam positionsShared explorationLock speedFull tech treeHidden civsTurbo modeCheats
Victory
Defeat
🇨🇴 Spanish · Colombia
882
+16
🇧🇷 Franks · Brazil
885
-16
Cid Campeador
5:52 Loom
9:33 Feudal Age
10:03 Double-Bit Axe
11:59 Horse Collar
14:36 Forging
21:09 Castle Age
20:17 Fishing Lines
26:31 Bow Saw
29:42 Bloodlines
29:32 Husbandry
33:15 Imperial Age
30:35 Town Watch
31:26 Wheelbarrow
34:49 Capped Ram
34:52 Elite Conquistador
35:39 Cavalier
35:40 Light Cavalry
37:42 Hussar
38:54 Pikeman
39:37 Squires
40:47 Chemistry
39:43 Murder Holes
40:09 Ballistics
40:21 Halberdier
42:47 Fervor
43:18 Iron Casting
42:35 Fletching
45:10 Masonry
46:33 Paladin
48:40 Blast Furnace
47:41 Scale Mail Armor
51:03 Elite Skirmisher
51:49 Thumb Ring
53:40 Gambesons
54:48 Town Patrol
55:03 Hand Cart
xDou
11:00 Feudal Age
12:45 Double-Bit Axe
17:08 Castle Age
18:19 Loom
22:04 Light Cavalry
24:10 Bow Saw
25:34 Stone Mining
25:35 Gold Mining
27:46 Husbandry
27:50 Squires
29:59 Pikeman
31:43 Forging
31:39 Scale Barding Armor
31:36 Scale Mail Armor
32:17 Scale Mail Armor
32:24 Fletching
32:37 Scale Mail Armor
34:29 Gold Shaft Mining
38:36 Chain Barding Armor
38:59 Wheelbarrow
42:59 Imperial Age
42:31 Ballistics
44:47 Chemistry
44:33 Hand Cart
47:03 Bodkin Arrow
47:43 Iron Casting
47:44 Plate Barding Armor
46:57 Halberdier
49:44 Chain Mail Armor
50:29 Blast Furnace
50:56 Cavalier
Connection lost

Rejoining the realm…

Still unreachable

The connection could not be restored.

Session expired

The server has moved on; the page needs a fresh start.